Map: Winter's Gate LE

Players

Serral - Winner!

  • Race: Zerg Zerg
  • Spawn Location: 5:00

ButAlwayssss

  • Race: Protoss Protoss
  • League: Master
  • Spawn Location: 11:00

Event: NationWars 2019

VOD

Have the link to the VOD?

Description

Time

  • Played on: Oct. 6, 2019, 2:07 p.m.
  • Length: 4:08

All games in this series

Show
View Real Time Build Order
Export as new Build Order

Serral Zerg - Winner!

Build Orders: Pool First 

Get SALT Encoding   

  12  0:00  Drone  
  13  0:13  Overlord  
  13  0:16  Drone  
  14  0:32  Drone x2  
  16  0:36  Drone  
  17  0:45  Extractor  
  17  0:46  Drone  
  17  0:51  Spawning Pool  
  17  0:56  Drone  
  17  1:07  Drone  
  18  1:17  Hatchery  
  17  1:21  Drone  
  18  1:37  Queen  
  18  1:38  Zergling x2  
  22  1:40  Zergling x2  
  22  1:46  Metabolic Boost  
  22  1:52  Overlord  
  22  2:09  Roach Warren, Zergling x2  
  22  2:12  Zergling x2  
  23  2:24  Zergling x2  
  24  2:33  Queen  
  27  2:40  Zergling x4  
  27  2:43  Zergling x2  
  28  2:53  Roach x4  
  35  3:01  Overlord  
  35  3:22  Extractor  
  35  3:25  Drone x3  
  37  3:27  Roach x2  
  37  3:32  Ravager  
  42  3:46  Overlord  
Show
View Real Time Build Order
Export as new Build Order

ButAlwayssss Protoss 

Build Orders:  

Get SALT Encoding   

  12  0:08  Pylon  
  12  0:14  Probe  
  13  0:27  Gateway  
  13  0:31  Probe  
  14  0:39  Assimilator  
  14  0:43  Probe  
  15  0:55  Probe  
  16  0:58  Gateway  
  16  1:07  Probe  
  17  1:16  Cybernetics Core  
  17  1:19  Probe  
  18  1:31  Probe  
  19  1:42  Pylon  
  19  1:49  Adept (Chrono Boost)  
  19  1:50  Warp Gate (Chrono Boost)  
  19  1:53  Adept (Chrono Boost)  
  23  2:02  Shield Battery  
  23  2:04  Shield Battery  
  23  2:06  Shield Battery  
  23  2:09  Shield Battery  
  23  2:14  Adept  
  25  2:16  Shield Battery  
  25  2:19  Shield Battery  
  25  2:27  Adept  
  27  2:43  Shield Battery  
  27  2:44  Shield Battery x2  
  27  2:45  Shield Battery  
  27  2:48  Adept  
  29  3:00  Gateway  
  29  3:11  Pylon  
  29  3:13  Pylon  
  27  3:28  Robotics Facility  
  27  3:32  Adept  
  27  3:33  Stalker  
  31  3:38  Shield Battery  
  29  3:53  Adept  
  29  3:58  Adept  
Tags
 
Add a new tag
Caveats
  • Supply blocks, unpowered buildings, or Contaminate may cause inaccurate times.
  • Supply counts are checked every 10 seconds.